 Dungeon Crawl Stone Soup version 0.27-a0-686-gaed091b46b (webtiles) character file.

Game seed: 18083337758900824443

32 jasper the Sneak (level 3, -5/29 HPs)
             Began as a Demonspawn Delver on Mar 21, 2021.
             Was an Initiate of Makhleb.
             Slain by an orc
             ... wielding a +0 hand axe
              (7 damage)
             ... on level 3 of the Dungeon.
             The game lasted 00:01:40 (599 turns).

jasper the Sneak (Demonspawn Delver)                 Turns: 599, Time: 00:01:40

Health: -5/29      AC:  3    Str: 13    XL:     3   Next: 8%
Magic:  3/3        EV: 12    Int: 11    God:    Makhleb [......]
Gold:   20         SH:  0    Dex: 14    Spells: 2/2 levels left

rFire    . . .     SeeInvis .   a - +0 hand axe
rCold    . . .     Faith    .   (no shield)
rNeg     . . .     Spirit   .   b - +0 leather armour
rPois    .         Reflect  .   (no helmet)
rElec    .         Harm     .   (no cloak)
rCorr    .         Rampage  .   (no gloves)
Will     .....                  (no boots)
Stlth    ++........             (no amulet)
HPRegen  0.09/turn              (no ring)
MPRegen  0.08/turn              (no ring)

@: no status effects
A: talons 2
a: Renounce Religion


You were on level 3 of the Dungeon.
You worshipped Makhleb.
Makhleb was noncommittal.
You visited 2 branches of the dungeon, and saw 4 of its levels.

You collected 20 gold pieces.

Inventory:

Hand Weapons
 a - a +0 hand axe (weapon)
Armour
 b - a +0 leather armour (worn)
Wands
 g - a wand of digging (3)
Scrolls
 c - a scroll of fog
 d - a scroll of magic mapping
 i - a scroll of holy word
Potions
 f - a potion of attraction


   Skills:
 + Level 3.2 Fighting
 * Level 2.4 Axes
 + Level 0.9 Armour
 + Level 2.1 Dodging
 - Level 4.5 Stealth
 + Level 0.0 Invocations


You had 2 spell levels left.
You didn't know any spells.
Your spell library was empty.

Dungeon Overview and Level Annotations

Branches:
Dungeon (5/15)             Temple (1/1) D:4

Altars:
Dithmenos
Elyvilon
Fedhas
Kikubaaqudgha
Makhleb
Nemelex Xobeh
Qazlal
Ru
Sif Muna
Vehumet

Annotations:
D:5 exclusions: ice beast and iguana


Innate Abilities, Weirdness & Mutations

You have razor-sharp toenails.


Message History

You take 2 damage, and have 3/29 hp.
The gnoll is pulled toward you! Something is pulled toward you!
The orc is pulled toward you! x2
Unknown command.
Unknown command.
The adder barely misses you.
Unknown command.
The orc is pulled toward you! The orc is pulled toward you!
The gnoll is pulled toward you! Something is pulled toward you!
Unknown command.
The adder barely misses you. The orc is pulled toward you!
Something is pulled toward you! The orc is pulled toward you!
The rat is pulled toward you! Something is pulled toward you!
The gnoll is pulled toward you! Something is pulled toward you!
The rat is pulled toward you! The gnoll is pulled toward you! x2
The rat is pulled toward you! The adder barely misses you.
The orc is pulled toward you! The adder is pulled toward you!
The gnoll is pulled toward you!
You open the door.
A bat comes into view.
The rat misses you. The bat is pulled toward you!
Found a ring mail.
You hit the bat but do no damage. You claw the bat, but do no damage.
You hit the rat.
You kill the rat!
Makhleb accepts your kill. The bat completely misses you.
The bat hits you but does no damage. The orc hits you with a +0 hand axe.
* * * LOW HITPOINT WARNING * * *
The bat is pulled toward you!
You feel less attractive to monsters.
You take 2 damage, and have 2/29 hp.
You barely miss the bat. You hit the orc. The bat hits you but does no damage.
The orc misses you.
Your leather armour prevents you from hitting the bat.
You closely miss the orc. The bat hits you but does no damage.
The orc hits you with a +0 hand axe!
You die...

.....##.............####.
...... #......######.# ##
#......# #.# # #......# #
#{.....# ### #g###### #..
#S# ##### #.. #o##b.....
#.. #.@'...... #..
#.##...[.. #.. #.# .....
### #.# #### # #.# # #.#
# ..# # ##


You could see a gnoll, an adder, an orc and a bat.

Vanquished Creatures
  A bullfrog skeleton (D:5)
  A dart slug (D:5)
  A rat (D:3)
3 creatures vanquished.

Notes
Turn   | Place    | Note
-------+----------+-------------------------------------------
     0 | D:5      | jasper the Demonspawn Delver began the quest for the Orb.
     0 | D:5      | Reached XP level 1. HP: 18/18 MP: 1/1
    33 | D:5      | Gained mutation: You have sharp toenails. [demonic
                  | ancestry]
    33 | D:5      | Reached XP level 2. HP: 10/24 MP: 2/2
    33 | D:5      | Gained mutation: You have razor-sharp toenails. [demonic
                  | ancestry]
    33 | D:5      | Reached XP level 3. HP: 12/29 MP: 3/3
   307 | D:5      | Found an ancient bone altar of Kikubaaqudgha.
   329 | D:4      | Found a staircase to the Ecumenical Temple.
   334 | Temple   | Entered the Ecumenical Temple
   374 | Temple   | Became a worshipper of Makhleb the Destroyer
   456 | D:5      | Noticed an ice beast
   599 | D:3      | Slain by an orc

Illustrated notes

Levels and vault maps discovered:
D:3:      layout_basic, lemuel_coloured_pillars_altar
D:4:      minmay_skewed_foursquare, layout_loops_ring,
          grunt_temple_overflow_order_and_chaos_1,
          minmay_temple_entry_from_below_a, uniq_grinder, uniq_edmund
D:5:      layout_basic, nzn_hepliaklqana_mist_gate, lemuel_round_altar,
          portal_sewer_entry_c
Temple:   jpeg_temple_island

Skill      XL: |  1 |
---------------+----+-----
Axes           | 2 |  2.4
Dodging        | 2 |  2.1
Fighting       | |  3.2
Armour         | |  0.9
Stealth        | |  4.5

Action                   || total
-------------------------++-------
Melee: Hand axe          ||    13
       Kick              ||     2
  Use: Potion            ||     3
       Scroll            ||     2
Armor: Leather armour    ||     5
Dodge: Dodged            ||    15

Table legend: (Time is in decaauts)
 A = Elapsed time spent in this place.
 B = Non-inter-level travel time spent in this place.
 C = Inter-level travel time spent in this place.
 D = Time resting spent in this place.
 E = Time spent auto-exploring this place.
 F = Levels seen in this place.
 G = Mean time per level.
                   A        B        C        D        E       F      G
               +--------+--------+--------+--------+--------+-----+--------+
         Total |    589 |    530 |     59 |    187 |    205 |   4 |  147.2 |
       Dungeon |    512 |    488 |     24 |    187 |    173 |   3 |  170.7 |
        Temple |     76 |     41 |     35 |      0 |     32 |   1 |   76.0 |
               +--------+--------+--------+--------+--------+-----+--------+

Top non-repeatable levels by time:
     D:5: 413 daAuts
     D:3: 80 daAuts
  Temple: 76 daAuts
     D:4: 19 daAuts
